AoeStats
← Dragon

Lombardia

508086755Analyzed
3v3 RM · 11d ago on Sep 20, 2026· 47m 2s· 6 players
Game mode
Random Map
Map size
Normal (6 player)
Population
200
Speed
Normal
Resources
Standard
Victory
Conquest
Starting age
Dark Age
Ending age
Imperial Age
RankedLock teamsTeams togetherTeam positionsShared explorationLock speedFull tech treeHidden civsTurbo modeCheats
Victory
Defeat
🇦🇷 Persians · Argentina
1298
+17
🇦🇷 Saracens · Argentina
1297
+17
🇦🇷 Hindustanis · Argentina
1281
+18
🇩🇪 Britons · Germany
1327
-18
🇩🇪 Byzantines · Germany
1315
-17
🇩🇪 Magyars · Germany
1314
-17
Electric Warrior
6:51 Loom
9:18 Feudal Age
9:40 Double-Bit Axe
11:01 Wheelbarrow
14:44 Forging
14:38 Horse Collar
19:13 Scale Barding Armor
19:28 Bloodlines
24:11 Castle Age
23:55 Gold Mining
24:44 Husbandry
26:12 Light Cavalry
27:11 Heavy Plow
27:23 Bow Saw
28:02 Iron Casting
30:02 Chain Barding Armor
31:37 Hand Cart
33:38 Town Watch
40:22 Imperial Age
38:15 Fletching
38:23 Stone Mining
39:42 Stone Shaft Mining
39:45 Gold Shaft Mining
40:02 Cavalier
41:44 Blast Furnace
41:20 Crop Rotation
41:52 Two-Man Saw
41:53 Town Patrol
42:56 Plate Barding Armor
42:54 Savar
44:19 Bodkin Arrow
FM
7:19 Loom
9:45 Feudal Age
10:53 Double-Bit Axe
12:29 Fletching
19:24 Padded Archer Armor
26:04 Castle Age
24:18 Gold Mining
26:07 Crossbowman
26:43 Bodkin Arrow
26:56 Crossbowman
28:02 Thumb Ring
29:32 Leather Archer Armor
30:15 Ballistics
39:03 Imperial Age
36:30 Stone Mining
40:09 Wheelbarrow
39:49 Bow Saw
41:07 Hand Cart
40:22 Arbalester
41:06 Bracer
42:07 Ring Archer Armor
42:39 Chemistry
42:21 Gold Shaft Mining
44:06 Masonry
44:53 Elite Skirmisher
ouroboros
7:04 Loom
9:21 Feudal Age
10:09 Double-Bit Axe
17:12 Scale Barding Armor
19:43 Bloodlines
24:18 Castle Age
22:30 Gold Mining
23:38 Wheelbarrow
23:18 Horse Collar
24:01 Forging
25:44 Bow Saw
25:37 Heavy Plow
26:23 Husbandry
32:52 Chain Barding Armor
36:41 Imperial Age
36:27 Town Watch
37:20 Iron Casting
36:48 Heavy Camel Rider
38:19 Plate Barding Armor
38:57 Two-Man Saw
40:15 Blast Furnace
39:50 Imperial Camel Rider
43:13 Conscription
43:49 Scale Mail Armor
43:28 Elite Ghulam
45:24 Chain Mail Armor
46:31 Squires
Dragon
4:06 Loom
11:06 Feudal Age
18:55 Castle Age
18:57 Pikeman
19:02 Crossbowman
19:41 Double-Bit Axe
20:14 Fletching
22:24 Padded Archer Armor
35:50 Imperial Age
34:19 Leather Archer Armor
34:01 Bodkin Arrow
34:53 Bow Saw
35:59 Ballistics
38:39 Chemistry
38:40 Leather Archer Armor
39:10 Bracer
40:51 Conscription
Who am I
7:13 Loom
10:13 Feudal Age
11:01 Double-Bit Axe
10:58 Horse Collar
14:57 Wheelbarrow
17:08 Castle Age
16:02 Fletching
17:53 Husbandry
20:01 Bodkin Arrow
20:50 Padded Archer Armor
21:31 Wheelbarrow
23:51 Thumb Ring
23:31 Treadmill Crane
26:51 Hand Cart
30:17 Masonry
33:30 Ballistics
36:36 Bloodlines
36:27 Pikeman
42:27 Scale Mail Armor
45:20 Elite Skirmisher
siggi-lok
2:07 Loom
12:06 Feudal Age
16:35 Castle Age
16:47 Pikeman
17:40 Scale Mail Armor
17:50 Forging
29:33 Horse Collar
30:22 Scale Barding Armor
34:39 Wheelbarrow
45:15 Chain Barding Armor
45:06 Forging
Connection lost

Rejoining the realm…

Still unreachable

The connection could not be restored.

Session expired

The server has moved on; the page needs a fresh start.